 Dungeon Sprint DCSS version 0.29-a0-322-g68df515428 (webtiles) character file.

Game seed: 16168169323114069756

57208 mhtbhm the Hoplite (level 14, -3/112 HPs)
             Began as a Gargoyle Fighter on Apr 9, 2022.
             Was the Champion of Trog.
             Shot with a bolt by a yaktaur captain (14 damage)
             ... in the Dungeon (Sprint IX: "|||||||||||||||||||||||||||||").
             The game lasted 00:11:25 (6790 turns).

mhtbhm the Hoplite (Gargoyle Fighter)               Turns: 6790, Time: 00:11:26

Health: -3/112     AC: 35    Str: 25    XL:     14   Next: 85%
Magic:  14/14      EV: 17    Int:  9    God:    Trog [******]
Gold:   20         SH: 26    Dex: 24    Spells: 13/13 levels left

rFire   . . .      SeeInvis .   a - +9 morningstar "Renum" {flame, rCorr Dex+6}
rCold   . . .      Faith    +   c - +1 tower shield
rNeg    + . .      Spirit   .   b - +3 chain mail
rPois   ∞          Reflect  .   k - +2 helmet "Vesowuri" {Fly rC- Dex+5 Stlth+}
rElec   +          Harm     .   (no cloak)
rCorr   +          Rampage  .   m - +1 pair of gloves {Stlth+}
Will    ++...      NoTele   +   l - +0 pair of boots
Stlth   ++........              w - amulet "Gehi" {Faith rElec Dex+4}
HPRegen 0.28/turn               n - +2 ring of evasion
MPRegen 0.14/turn               B - ring of protection from cold

@: marked, frozen, on berserk cooldown, flying, slowed, very slow
A: sickness immunity, AC +10, big wings, negative energy resistance 1,
electricity resistance, torment resistance 1, petrification resistance,
strong-willed 1
a: Renounce Religion, Berserk, Trog's Hand, Brothers in Arms


You were in the Dungeon.
You worshipped Trog.
Trog was exalted by your worship.
You visited 1 branch You collected 1942 gold pieces.
You spent 1922 gold pieces at shops.

Inventory:

Hand Weapons
 a - the +9 morningstar "Renum" (weapon) {flame, rCorr Dex+6}
   (You bought it in a shop in the Dungeon)

   It burns those it strikes, dealing additional fire damage.
   Dex:       It affects your dexterity (+6).
   rCorr:     It protects you from acid and corrosion.
Missiles
 d - 9 javelins (quivered)
 p - 6 poisoned darts
 r - a throwing net
 v - 3 curare-tipped darts
Armour
 b - a +3 chain mail (worn)
 c - a +1 tower shield (worn)
 k - the +2 helmet "Vesowuri" (worn) {Fly rC- Dex+5 Stlth+}
   (You found it in the Dungeon)

   Dex:       It affects your dexterity (+5).
   rC:        It makes you vulnerable to cold.
   Fly:       It grants you flight.
   Stlth:     It makes you more stealthy.
 l - a +0 pair of boots (worn)
 m - a +1 pair of gloves of stealth (worn)
Jewellery
 n - a +2 ring of evasion (left hand)
 w - the amulet "Gehi" (around neck) {Faith rElec Dex+4}
   (You acquired it in the Dungeon)

   [amulet of faith]

   It allows you to gain divine favour quickly.
   Dex:       It affects your dexterity (+4).
   rElec:     It insulates you from electricity.
 A - a ring of protection from fire
 B - a ring of protection from cold (right hand)
Wands
 E - a wand of iceblast (12)
Scrolls
 i - 2 scrolls of identify
 j - 4 scrolls of blinking
 s - 3 scrolls of fear
 t - 6 scrolls of enchant weapon
 u - 3 scrolls of enchant armour
 x - a scroll of silence
 y - a scroll of fog
 z - a scroll of immolation
Potions
 e - 7 potions of curing
 f - 2 potions of invisibility
 g - 2 potions of haste
 h - 4 potions of magic
 o - a potion of berserk rage
 q - a potion of flight
 C - a potion of might
 D - a potion of mutation


   Skills:
 + Level 22.7 Fighting
 + Level 22.0 Maces & Flails
 + Level 3.2 Throwing
 + Level 15.7 Armour
 + Level 9.4 Dodging
 + Level 5.2 Stealth
 + Level 22.8 Shields
 + Level 4.3 Evocations


You had 13 spell levels left.
You didn't know any spells.
Your spell library was empty.

Dungeon Overview and Level Annotations

Branches:
Dungeon (1/1)

Altars:
Cheibriados
Dithmenos
Elyvilon
Fedhas
Gozag
Hepliaklqana
Kikubaaqudgha
Makhleb
Nemelex Xobeh
Okawaru
Qazlal
Ru
Sif Muna
Trog
Uskayaw
Vehumet
Wu Jian
Xom
Yredelemnul
Zin
The Shining One
Beogh
Jiyva
Lugonu

Shops:
D ([?*


Innate Abilities, Weirdness & Mutations

You are immune to sickness and miasma.
Your stone body is resilient. (AC +10)
You are immune to poison.
Your large and strong wings let you fly.
You resist negative energy. (rN+)
You are resistant to electric shocks. (rElec)
You are resistant to unholy torment.
You are immune to petrification.
You are strong-willed. (Will+)


Message History

Your deep troll claws the ironbound frostheart!!
Your deep troll barely misses the ironbound frostheart.
Your deep troll claws the ironbound frostheart! x2
The ironbound frostheart touches your deep troll.
The ironbound frostheart freezes your deep troll!!
Your deep troll bites the ironbound frostheart!
Your deep troll closely misses the ironbound frostheart.
Your deep troll claws the ironbound frostheart.
The ironbound frostheart closely misses your deep troll.
Your deep troll bites the ironbound frostheart!
The ironbound frostheart dies!
Trog accepts your kill.
Trog appreciates your killing of a magic user.
A yaktaur captain comes into view.
The yaktaur captain wields a +0 arbalest.
The yaktaur captain shoots a bolt.
The bolt hits your deep troll!!
Your deep troll dies!
Your deep troll's corpse disappears in a puff of smoke!
Unknown command.
The yaktaur captain shoots a bolt.
The bolt hits you but does no damage.
A vault warden comes into view. It is wielding a +1 bardiche.
The vault warden activates a sealing rune.
The yaktaur captain shoots a bolt.
The bolt hits you!
* * * LOW HITPOINT WARNING * * *
An ironbound preserver comes into view. It is wielding a +0 morningstar.
The yaktaur captain shoots a bolt.
You block the bolt.
An ironbound frostheart comes into view.
The yaktaur captain shoots a bolt.
The bolt misses you.
The vault warden activates a sealing rune.
An ironbound convoker comes into view. It is wielding a +0 dire flail.
The yaktaur captain shoots a bolt.
You block the bolt.
A yaktaur captain comes into view.
The yaktaur captain shoots a bolt.
The bolt hits you!
* * * LOW HITPOINT WARNING * * *
The ironbound frostheart calls freezing cold from the walls.
The frost grips you!
* * * LOW HITPOINT WARNING * * *
You are encased in ice.
The yaktaur captain shoots a bolt.
The bolt hits you!
You die...

▓.▓.▓.▓.▓.▓.▓.▓.▓.
▓c▓.▓.▓.▓.▓.▓.▓.▓.
▓p▓.▓)▓.▓.▓.▓.▓.▓.
▓p▓.▓.▓.▓.▓.▓.▓.▓.
▓p▓.▓.▓.▓.▓.▓.▓.▓.
▓p▓.▓.▓.▓.▓.▓.▓.▓.
▓c▓.▓)▓.▓[▓.▓.▓.▓'
▓)▓.▓.▓.▓[▓.▓.▓.▓.
▓@▓.▓.▓.▓[▓.▓)▓.▓.
▓.▓.▓)▓.▓[▓)▓)▓.▓.
▓.▓.▓.▓.▓[▓)▓)▓.▓.
▓.▓.▓)▓.▓[▓.▓.▓.▓.
▓.▓.▓'▓.▓[▓.▓.▓.▓.
▓(▓.▓.▓†▓[▓.▓.▓.▓.
▓)▓.▓.▓.▓.▓.▓.▓.▓.
▓.▓.▓.▓.▓)▓.▓.▓.▓.
▓÷▓.▓.▓†▓)▓.▓)▓.▓'


You could see an ironbound preserver, a vault warden, 2 yaktaur captains, an
ironbound frostheart and an ironbound convoker.

Vanquished Creatures
  Agnes (D)
  A thorn hunter (D)
  An emperor scorpion (D)
  2 very ugly things (D)
  3 stone giants (D)
  2 ironbound thunderhulks (D)
  An entropy weaver (D)
  2 eleionomae (D)
  A bunyip (D)
  3 fire dragons (D)
  A merfolk impaler (D)
  A naga warrior (D)
  A merfolk avatar (D)
  2 yaktaur captains (D)
  5 boulder beetles (D)
  4 hydras (D)
  An ice dragon (D)
  A centaur warrior (D)
  An anaconda (D)
  A deep troll shaman (D)
  3 tengu warriors (D)
  5 death yaks (D)
  3 orc high priests (D)
  3 spriggan berserkers (D)
  A deep troll earth mage (D)
  Urug (D)
  Sonja (D)
  A sun moth (D)
  A spriggan druid (D)
  2 goliath frogs (D)
  3 glowing orange brains (D)
  2 orc knights (D)
  2 ironbound convokers (D)
  A wizard (D)
  2 harpies (D)
  A lindwurm (D)
  A mana viper (D)
  A deep elf pyromancer (D)
  2 wolf spiders (D)
  3 ugly things (D)
  An orc sorcerer (D)
  A cyclops (D)
  A manticore (D)
  4 black mambas (D)
  2 torpor snails (D)
  A naga mage (D)
  A cane toad (D)
  A water nymph (D)
  2 kobold demonologists (D)
  A demonic crawler (D)
  A tengu conjurer (D)
  3 komodo dragons (D)
  A troll (D)
  A meliai (D)
  A wind drake (D)
  2 merfolk (D)
  2 snapping turtles (D)
  A shadow (D)
  A vampire (D)
  8 yaks (D)
  Eustachio (D)
  A basilisk (D)
  A vampire mosquito (D)
  A redback (D)
  A naga (D)
  3 water moccasins (D)
  11 orc warriors (D)
  A black bear (D)
  A wolf (D)
  A centaur (D)
  A kobold brigand (D)
  2 bullfrogs (D)
  A howler monkey (D)
  12 orc priests (D)
  3 orc wizards (D)
  An adder (D)
  8 orcs (D)
  A goblin (D)
  A ball python (D)
  2 frilled lizards (D)
  A kobold (D)
  2 briar patches (D)
167 creatures vanquished.

Vanquished Creatures (collateral kills)
  An ironbound thunderhulk (D)
  A yaktaur captain (D)
  An ironbound frostheart (D)
  A vault sentinel (D)
4 creatures vanquished.

Vanquished Creatures (others)
  A fire dragon (D)
  A wizard (D)
  A bloated husk (D)
  2 briar patches (D)
5 creatures vanquished.

Grand Total: 176 creatures vanquished

Notes
Turn   | Place    | Note
-------+----------+-------------------------------------------
     0 | D        | mhtbhm the Gargoyle Fighter began the quest for the Orb.
     0 | D        | Reached XP level 1. HP: 14/14 MP: 1/1
    11 | D        | Banished a spatial maelstrom
   114 | D        | Noticed a black bear
   114 | D        | Noticed a centaur
   122 | D        | Killed a centaur
   123 | D        | Reached skill level 5 in Fighting
   123 | D        | Reached skill level 5 in Armour
   123 | D        | Reached skill level 5 in Shields
   123 | D        | Reached XP level 2. HP: 22/22 MP: 2/2
   123 | D        | Reached XP level 3. HP: 27/27 MP: 3/3
   123 | D        | Reached XP level 4. HP: 32/32 MP: 4/4
   126 | D        | Killed a black bear
   127 | D        | Reached skill level 1 in Dodging
   127 | D        | Reached XP level 5. HP: 38/38 MP: 5/5
   185 | D        | Found a snail-covered altar of Cheibriados.
   185 | D        | Found a shadowy altar of Dithmenos.
   185 | D        | Found a white marble altar of Elyvilon.
   185 | D        | Found a blossoming altar of Fedhas.
   185 | D        | Found an opulent altar of Gozag.
   186 | D        | Found a hazy altar of Hepliaklqana.
   187 | D        | Found a viscous altar of Jiyva.
   188 | D        | Found an ancient bone altar of Kikubaaqudgha.
   189 | D        | Found a corrupted altar of Lugonu.
   190 | D        | Found a burning altar of Makhleb.
   191 | D        | Found a sparkling altar of Nemelex Xobeh.
   192 | D        | Found an iron altar of Okawaru.
   193 | D        | Found a stormy altar of Qazlal.
   194 | D        | Found a sacrificial altar of Ru.
   195 | D        | Found a shimmering blue altar of Sif Muna.
   196 | D        | Found a bloodstained altar of Trog.
   197 | D        | Found a hide-covered altar of Uskayaw.
   198 | D        | Found a radiant altar of Vehumet.
   199 | D        | Found an ornate altar of the Wu Jian Council.
   200 | D        | Found a shimmering altar of Xom.
   201 | D        | Found a basalt altar of Yredelemnul.
   202 | D        | Found a glowing silver altar of Zin.
   203 | D        | Found a glowing golden altar of the Shining One.
   204 | D        | Became a worshipper of Trog the Wrathful
   257 | D        | Noticed a yak
   257 | D        | Noticed a troll
   257 | D        | Noticed a kobold demonologist
   257 | D        | Noticed a kobold brigand
   257 | D        | Noticed a shadow
   257 | D        | Noticed a vampire mosquito
   263 | D        | Killed a vampire mosquito
   264 | D        | Reached skill level 5 in Maces & Flails
   264 | D        | Reached XP level 6. HP: 18/45 MP: 6/6
   264 | D        | Noticed a rust devil
   266 | D        | Killed a shadow
   267 | D        | Reached XP level 7. HP: 22/51 MP: 7/7
   274 | D        | Noticed a hellwing
   274 | D        | Killed a kobold demonologist
   274 | D        | Reached * piety under Trog
   275 | D        | Reached skill level 10 in Fighting
   276 | D        | Killed a yak
   277 | D        | Reached XP level 8. HP: 20/58 MP: 8/8
   280 | D        | Reached ** piety under Trog
   281 | D        | Reached skill level 1 in Evocations
   284 | D        | Killed a troll
   494 | D        | Noticed a manticore
   494 | D        | Noticed a centaur warrior
   494 | D        | Noticed a brown ugly thing
   494 | D        | Noticed a kobold demonologist
   494 | D        | Noticed a vampire
   508 | D        | Killed a brown ugly thing
   509 | D        | Reached skill level 10 in Maces & Flails
   509 | D        | Reached skill level 10 in Shields
   516 | D        | Killed a vampire
   516 | D        | Reached *** piety under Trog
   517 | D        | Reached XP level 9. HP: 22/65 MP: 9/9
   522 | D        | Killed a kobold demonologist
   528 | D        | Killed a centaur warrior
   618 | D        | Reached **** piety under Trog
   803 | D        | Killed a manticore
   804 | D        | Reached skill level 1 in Stealth
  1113 | D        | Noticed a cane toad
  1113 | D        | Noticed a four-headed hydra
  1113 | D        | Noticed a komodo dragon
  1119 | D        | Killed a komodo dragon
  1120 | D        | Reached XP level 10. HP: 73/73 MP: 10/10
  1128 | D        | Killed a four-headed hydra
  1128 | D        | Reached ***** piety under Trog
  1132 | D        | Killed a cane toad
  1143 | D        | Reached skill level 5 in Dodging
  1145 | D        | Reached skill level 10 in Armour
  1147 | D        | Received a gift from Trog
  1380 | D        | Noticed a seven-headed hydra
  1380 | D        | Noticed a five-headed hydra
  1380 | D        | Noticed a boulder beetle
  1415 | D        | Killed a five-headed hydra
  1416 | D        | Reached skill level 15 in Maces & Flails
  1420 | D        | Killed a seven-headed hydra
  1424 | D        | Reached XP level 11. HP: 22/80 MP: 11/11
  1708 | D        | Noticed a death yak
  1708 | D        | Noticed a death yak
  1708 | D        | Noticed a death yak
  1710 | D        | Noticed a death yak
  1714 | D        | Noticed a death yak
  1715 | D        | Killed a death yak
  1729 | D        | Killed a death yak
  1738 | D        | Killed a death yak
  1738 | D        | Received a gift from Trog
  1739 | D        | Reached skill level 15 in Fighting
  1745 | D        | Killed a death yak
  1752 | D        | Killed a death yak
  1752 | D        | Reached ****** piety under Trog
  1989 | D        | Killed a boulder beetle
  2073 | D        | Noticed Urug
  2092 | D        | Killed Urug
  2092 | D        | Received a gift from Trog
  2361 | D        | Identified the +7 quarterstaff of Trog's Esteem {vorpal,
                  | *Corrode rPois rF+} (Trog gifted it to you in the Dungeon)
  2361 | D        | Received a gift from Trog
  2365 | D        | Noticed an orc knight
  2383 | D        | Killed an orc knight
  2632 | D        | Noticed an orc sorcerer
  2648 | D        | Killed an orc sorcerer
  2656 | D        | Noticed an orc knight
  2659 | D        | Received a gift from Trog
  2663 | D        | Reached XP level 12. HP: 76/90 MP: 12/12
  3036 | D        | Found Jootitya's Assorted Antiques.
  3036 | D        | Noticed an orc high priest
  3044 | D        | Found Wizun's Magic Scroll Shop.
  3059 | D        | Killed an orc high priest
  3060 | D        | Received a gift from Trog
  3063 | D        | Found Yhonarin's Armour Boutique.
  3321 | D        | Found Hiemola's Weapon Shop.
  3326 | D        | Noticed an orc high priest
  3329 | D        | Noticed an orc high priest
  3332 | D        | Gained mutation: You are strong-willed. (Will+) [a neqoxec]
  3334 | D        | Noticed a soul eater
  3336 | D        | Killed an orc high priest
  3358 | D        | Killed an orc high priest
  3528 | D        | Bought a +1 pair of gloves of stealth for 214 gold pieces
  3530 | D        | Bought a scroll of enchant armour for 75 gold pieces
  3530 | D        | Bought a scroll of identify for 20 gold pieces
  3530 | D        | Bought a scroll of blinking for 75 gold pieces
  3530 | D        | Bought a scroll of acquirement for 520 gold pieces
  3530 | D        | Bought a scroll of blinking for 75 gold pieces
  3533 | D        | Bought a sapphire morningstar for 207 gold pieces
  3533 | D        | Identified the +9 morningstar "Renum" {flame, rCorr Dex+6}
                  | (You bought it in a shop in the Dungeon)
  3534 | D        | Bought a scroll labelled ZINULO ZASIUM for 23 gold pieces
  3534 | D        | Bought an opal ring for 115 gold pieces
  3534 | D        | Bought 2 potions of curing for 138 gold pieces
  3534 | D        | Bought a potion of invisibility for 184 gold pieces
  3536 | D        | Bought a scroll of immolation for 35 gold pieces
  3559 | D        | Bought a scroll of identify for 46 gold pieces
  3559 | D        | Bought a scroll of identify for 46 gold pieces
  3559 | D        | Bought a glowing hand crossbow for 149 gold pieces
  3629 | D        | Noticed Sonja
  3638 | D        | Killed Sonja
  3638 | D        | Identified the +9 mace of Kaduqaiv {vorpal, *Noise rC+
                  | Dex+4} (Trog gifted it to you in the Dungeon)
  3638 | D        | Received a gift from Trog
  3720 | D        | Got the +2 helmet "Vesowuri" {Fly rC- Dex+5 Stlth+}
  3858 | D        | Noticed a boulder beetle
  3858 | D        | Noticed a boulder beetle
  3858 | D        | Noticed a tengu warrior
  3860 | D        | Noticed a boulder beetle
  3866 | D        | Killed a tengu warrior
  3872 | D        | Killed a boulder beetle
  3949 | D        | Noticed a green very ugly thing
  3955 | D        | Killed a boulder beetle
  3955 | D        | Received a gift from Trog
  3962 | D        | Killed a green very ugly thing
  3971 | D        | Noticed an ice dragon
  4213 | D        | Killed an ice dragon
  4214 | D        | Reached skill level 15 in Shields
  4390 | D        | Killed a boulder beetle
  4408 | D        | Noticed a stone giant
  4409 | D        | Noticed a deep troll shaman
  4417 | D        | Killed a stone giant
  4417 | D        | Received a gift from Trog
  4418 | D        | Reached XP level 13. HP: 88/100 MP: 13/13
  4548 | D        | Noticed Eustachio
  4556 | D        | Killed Eustachio
  4584 | D        | Noticed a naga warrior
  4613 | D        | Killed a naga warrior
  4613 | D        | Received a gift from Trog
  4719 | D        | Acquired the amulet "Gehi" {Faith rElec Dex+4}
  4735 | D        | Noticed a merfolk impaler
  4740 | D        | Killed a merfolk impaler
  4752 | D        | Received a gift from Trog
  4766 | D        | Received a gift from Trog
  5012 | D        | Noticed an entropy weaver
  5022 | D        | Received a gift from Trog
  5035 | D        | Killed an entropy weaver
  5097 | D        | Noticed an eleionoma
  5097 | D        | Noticed a thorn hunter
  5097 | D        | Noticed a bunyip
  5098 | D        | Noticed an eleionoma
  5103 | D        | Received a gift from Trog
  5110 | D        | Killed an eleionoma
  5405 | D        | Killed an eleionoma
  5438 | D        | Killed a bunyip
  5567 | D        | Killed a thorn hunter
  5567 | D        | Received a gift from Trog
  5750 | D        | Reached skill level 5 in Stealth
  5762 | D        | Gained mutation: Your large and strong wings let you fly.
                  | [Gargoyle growth]
  5762 | D        | Reached XP level 14. HP: 99/110 MP: 14/14
  5925 | D        | Noticed an emperor scorpion
  5932 | D        | Killed an emperor scorpion
  5994 | D        | Noticed Agnes
  6003 | D        | Killed Agnes
  6003 | D        | Received a gift from Trog
  6144 | D        | Noticed a purple very ugly thing
  6144 | D        | Noticed a stone giant
  6150 | D        | Killed a stone giant
  6167 | D        | Killed a purple very ugly thing
  6177 | D        | Received a gift from Trog
  6180 | D        | Reached skill level 15 in Armour
  6407 | D        | Identified the +5 long sword of Drought {flame, rPois
                  | rCorr} (Trog gifted it to you in the Dungeon)
  6407 | D        | Received a gift from Trog
  6460 | D        | Noticed a stone giant
  6462 | D        | Reached skill level 1 in Throwing
  6474 | D        | Killed a stone giant
  6474 | D        | Received a gift from Trog
  6731 | D        | Noticed an ironbound thunderhulk
  6731 | D        | Noticed an ironbound thunderhulk
  6741 | D        | Killed an ironbound thunderhulk
  6747 | D        | Received a gift from Trog
  6760 | D        | Noticed an ironbound thunderhulk
  6762 | D        | Killed an ironbound thunderhulk
  6764 | D        | Received a gift from Trog
  6779 | D        | Killed an ironbound thunderhulk
  6787 | D        | Noticed a vault warden
  6787 | D        | Noticed an ironbound preserver
  6790 | D        | Shot with a bolt by a yaktaur captain

Illustrated notes

Levels and vault maps discovered:
D:        linesprint [early_d, line_temple, items_1, d_10, items_2, lair_1,
          lair_end, items_3, orc_1, orc_end, items_4, d_15, swamp_1, shoals_1,
          snake_1, spider_1, d_20, vaults_1, items_5, swamp_end, shoals_end,
          snake_end, spider_end, vaults_end, d_27, items_6, zot_1, zot_end,
          crypt_end, forest_end, elf_end, slime_end, tomb_end, abyss_end,
          pan_hell_end]

Skill      XL: |  1  2  3  4  5  6  7  8  9 10 11 12 13 14 |
---------------+-------------------------------------------+-----
Shields        | 5 6 7 8 9 10 11 12 13 15 19 22 | 22.8
Fighting       | 5 7 8 9 10 11 13 14 16 19 21 22 | 22.7
Maces & Flails | 3 4 5 6 8 10 13 15 17 19 20 22 | 22.0
Armour         | 5 6 7 8 9 10 11 12 14 15 | 15.7
Dodging        | 1 2 3 4 5 7 8 9 |  9.4
Evocations     | 2 3 4 |  4.3
Stealth        | 1 2 3 4 5 |  5.2
Throwing       | 3 |  3.2

Action                   |  1- 3 |  4- 6 |  7- 9 | 10-12 | 13-15 || total
-------------------------+-------+-------+-------+-------+-------++-------
Melee: Flail             |    23 |    14 |       |       |       ||    37
       Morningstar       |       |     8 |    50 |   234 |   306 ||   598
       Eveningstar       |       |       |       |   142 |       ||   142
Throw: Javelin           |       |       |       |       |     6 ||     6
       Dart              |       |       |       |       |     3 ||     3
Invok: Brothers in Arms  |       |       |       |     2 |     1 ||     3
       Berserk           |       |       |       |     2 |     4 ||     6
Evoke: Wand              |       |     1 |     8 |     1 |       ||    10
  Use: Potion            |     2 |       |     5 |     3 |       ||    10
       Scroll            |       |       |       |     1 |     2 ||     3
Armor: Scale mail        |    12 |     6 |       |       |       ||    18
       Ring mail         |       |     2 |    30 |    72 |       ||   104
       Chain mail        |       |       |       |    15 |    81 ||    96
Dodge: Dodged            |    20 |    11 |    25 |   130 |    88 ||   274
Block: Buckler           |     3 |     7 |    19 |    67 |       ||    96
       Tower shield      |       |       |       |    48 |   282 ||   330

Table legend: (Time is in decaauts)
 A = Elapsed time spent in this place.
 B = Non-inter-level travel time spent in this place.
 C = Inter-level travel time spent in this place.
 D = Time resting spent in this place.
 E = Time spent auto-exploring this place.
 F = Levels seen in this place.
 G = Mean time per level.
                   A        B        C        D        E       F      G
               +--------+--------+--------+--------+--------+-----+--------+
         Total |   6736 |   6736 |      0 |   3541 |   1433 |   1 | 6736.0 |
       Dungeon |   6736 |   6736 |      0 |   3541 |   1433 |   1 | 6736.0 |
               +--------+--------+--------+--------+--------+-----+--------+

Top non-repeatable levels by time:
       D: 6736 daAuts
